[Event "XVII Orsha-2019 Open"]
[Site "Orsha"]
[Date "2019.01.19"]
[Round "3.20"]
[White "Sychou, Dzmitry"]
[Black "Kuleshov, Konstantin"]
[Result "1/2-1/2"]
[ECO "A10"]
[WhiteElo "1847"]
[BlackElo "2098"]
[PlyCount "80"]
[EventDate "2019.01.18"]
[EventType "swiss"]
[EventCountry "BLR"]
[TimeControl "5400+30"]

1. c4 f5 2. g3 Nf6 3. Bg2 g6 4. Nc3 Bg7 5. d3 O-O 6. e4 fxe4 7. dxe4 e5 8. Nge2 d6 9. O-O c5 10. Nb5 Ne8 11. Qd5+ Rf7 12. Rd1 Qf6 13. Be3 Bf8 14. f4 Nc6 15. fxe5 Qxe5 16. Qxe5 dxe5 17. Rf1 Nd4 18. Rxf7 Kxf7 19. Rf1+ Kg8 20. Nbc3 Be6 21. b3 a6 22. Nc1 b5 23. Nd5 bxc4 24. bxc4 Nc2 25. Bg5 h6 26. Be7 Bxe7 27. Nxe7+ Kg7 28. Nd5 Bxd5 29. exd5 Ne3 30. Re1 Nxc4 31. Nd3 Rc8 32. Nxe5 Nxe5 33. Rxe5 c4 34. Be4 Nd6 35. Bc2 Rf8 36. Re6 Rf6 37. Re7+ Rf7 38. Re6 Rf6 39. Re7+ Rf7 40. Re6 Rf6 1/2-1/2

[Event "XVII Orsha-2019 Open"]
[Site "Orsha"]
[Date "2019.01.19"]
[Round "3.21"]
[White "Pogosian, Georgy"]
[Black "Ivanov, Igor"]
[Result "1-0"]
[ECO "E94"]
[WhiteElo "2090"]
[BlackElo "2131"]
[PlyCount "35"]
[EventDate "2019.01.18"]
[EventType "swiss"]
[EventCountry "BLR"]
[TimeControl "5400+30"]

1. d4 Nf6 2. Nf3 g6 3. c4 Bg7 4. Nc3 O-O 5. e4 d6 6. Be2 e5 7. O-O exd4 8. Nxd4 Re8 9. f3 Nc6 10. Be3 Nh5 11. Qd2 Nf4 12. Rfd1 Nxd4 13. Bxd4 Nxe2+ 14. Nxe2 Be6 15. Rac1 b6 16. b3 Qe7 17. Nc3 c6 18. Bxg7 1-0

[Event "XVII Orsha-2019 Open"]
[Site "Orsha"]
[Date "2019.01.19"]
[Round "3.22"]
[White "Poliakova, Varvara"]
[Black "Elkin, Leonid"]
[Result "1-0"]
[ECO "B51"]
[WhiteElo "1835"]
[BlackElo "2085"]
[PlyCount "97"]
[EventDate "2019.01.18"]
[EventType "swiss"]
[EventCountry "BLR"]
[TimeControl "5400+30"]

1. e4 c5 2. Nf3 d6 3. Bb5+ Nd7 4. Bxd7+ Bxd7 5. O-O Nf6 6. Re1 g6 7. d4 cxd4 8. Nxd4 Bg7 9. f3 Qb6 10. Be3 Qxb2 11. Nb3 Qe5 12. Bd4 Qg5 13. e5 dxe5 14. Rxe5 Qh4 15. g3 Qh3 16. Qe2 O-O 17. Nc3 b6 18. Nd1 Bc6 19. Nf2 Qd7 20. Rd1 Qb7 21. Rxe7 Bxf3 22. Qe5 Qd5 23. Rd3 Rfe8 24. Qxd5 Bxd5 25. Bxf6 Bxb3 26. Rxe8+ Rxe8 27. Bxg7 Bc4 28. Bc3 Bxd3 29. cxd3 Re2 30. a3 Ra2 31. Bb4 a5 32. Bd6 f5 33. Kg2 b5 34. Kf3 b4 35. axb4 a4 36. Ke3 Rb2 37. Nd1 a3 38. Nc3 Rxh2 39. b5 a2 40. Nxa2 Rxa2 41. Kd4 Kf7 42. Kd5 g5 43. b6 Rb2 44. Kc6 Ke6 45. Bc5 f4 46. gxf4 gxf4 47. d4 f3 48. d5+ Ke5 49. d6 1-0

[Event "XVII Orsha-2019 Open"]
[Site "Orsha"]
[Date "2019.01.19"]
[Round "3.23"]
[White "Grigoryan, Aram"]
[Black "Kirilin, Dmitrij"]
[Result "0-1"]
[ECO "E20"]
[WhiteElo "1786"]
[BlackElo "2074"]
[PlyCount "72"]
[EventDate "2019.01.18"]
[EventType "swiss"]
[EventCountry "BLR"]
[TimeControl "5400+30"]

1. d4 Nf6 2. c4 e6 3. Nc3 Bb4 4. e3 c5 5. Bd2 cxd4 6. exd4 d5 7. a3 Bxc3 8. Bxc3 dxc4 9. Bxc4 O-O 10. Nf3 b6 11. O-O Bb7 12. Qe2 Nd5 13. Bd2 Nd7 14. Bg5 N7f6 15. Rfe1 Rc8 16. Rad1 h6 17. Bc1 Ne4 18. Ne5 Nd6 19. Ba2 Nf5 20. f3 Rc7 21. Bb1 Qc8 22. Qf2 Qd8 23. Qf1 f6 24. Ng6 Re8 25. g4 Nd6 26. Nf4 Rxc1 27. Rxc1 Nxf4 28. Ba2 Qd7 29. Rcd1 Qc6 30. d5 Qc5+ 31. Kh1 Nxd5 32. b4 Qc2 33. Re2 Qc3 34. Red2 Qxa3 35. Bb1 Nf4 36. Rxd6 Bxf3+ 0-1

[Event "XVII Orsha-2019 Open"]
[Site "Orsha"]
[Date "2019.01.19"]
[Round "3.24"]
[White "Vifleemskaia, Svetlana"]
[Black "Prutskov, Aleksei"]
[Result "1/2-1/2"]
[ECO "B50"]
[WhiteElo "2030"]
[BlackElo "1824"]
[PlyCount "68"]
[EventDate "2019.01.18"]
[EventType "swiss"]
[EventCountry "BLR"]
[TimeControl "5400+30"]

1. e4 c5 2. Nf3 d6 3. c3 Nf6 4. h3 Nc6 5. Bd3 g6 6. Bc2 Bg7 7. O-O O-O 8. d4 cxd4 9. cxd4 e6 10. Nc3 a6 11. Bg5 h6 12. Be3 b5 13. Nd2 Bb7 14. f4 e5 15. fxe5 dxe5 16. d5 Nd4 17. Nb3 Re8 18. Nxd4 exd4 19. Bxd4 b4 20. Na4 Nxe4 21. Bxg7 Kxg7 22. Qd4+ Nf6 23. Nb6 Rb8 24. Ba4 Re6 25. Nd7 Rd6 26. Rxf6 Rxd5 27. Qf4 Rxd7 28. Bxd7 Qxf6 29. Qxb8 Qxb2 30. Qxb7 Qxa1+ 31. Kh2 Qe5+ 32. Kg1 Qd4+ 33. Kh2 Qf4+ 34. Kg1 Qd4+ 1/2-1/2

[Event "XVII Orsha-2019 Open"]
[Site "Orsha"]
[Date "2019.01.19"]
[Round "3.25"]
[White "Bury, Gleb M"]
[Black "Ghevondyan, Arman"]
[Result "1/2-1/2"]
[ECO "B39"]
[WhiteElo "1961"]
[BlackElo "1679"]
[PlyCount "78"]
[EventDate "2019.01.18"]
[EventType "swiss"]
[EventCountry "BLR"]
[TimeControl "5400+30"]

1. e4 c5 2. Nf3 Nc6 3. d4 cxd4 4. Nxd4 g6 5. c4 Bg7 6. Be3 Nf6 7. Nc3 Ng4 8. Qxg4 Nxd4 9. Qd1 Ne6 10. Be2 Qa5 11. O-O Bxc3 12. bxc3 Qxc3 13. Rc1 Qe5 14. Bd3 g5 15. c5 h5 16. Qa4 h4 17. Rfd1 g4 18. Bb5 g3 19. fxg3 hxg3 20. Bxd7+ Bxd7 21. Rxd7 gxh2+ 22. Kh1 Kf8 23. Rxb7 Rh4 24. Qd7 Ng7 25. Bd4 Qxe4 26. Bxg7+ Kxg7 27. Qxe7 Qf4 28. Rcb1 Rc8 29. R7b4 Qxb4 30. Rxb4 Rxb4 31. Qg5+ Kf8 32. Qh6+ Kg8 33. Qg5+ Kf8 34. Kxh2 Rc4 35. Qh6+ Kg8 36. Qg5+ Kf8 37. Qh6+ Kg8 38. Qg5+ Kf8 39. Qh6+ Kg8 1/2-1/2

[Event "XVII Orsha-2019 Open"]
[Site "Orsha"]
[Date "2019.01.19"]
[Round "3.26"]
[White "Dolgopyatov, Andrey"]
[Black "Stashis, Anna"]
[Result "1/2-1/2"]
[ECO "D00"]
[WhiteElo "1393"]
[BlackElo "1931"]
[PlyCount "80"]
[EventDate "2019.01.18"]
[EventType "swiss"]
[EventCountry "BLR"]
[TimeControl "5400+30"]

1. d4 d5 2. Nf3 c6 3. Bg5 h6 4. Bh4 Qb6 5. b3 Bf5 6. e3 e6 7. Bd3 Bxd3 8. Qxd3 Nd7 9. O-O Ngf6 10. c3 Ne4 11. Nbd2 Ndf6 12. Ne5 Nxd2 13. Qxd2 Ne4 14. Qd3 g5 15. Bg3 h5 16. h3 Bd6 17. Bh2 f6 18. f3 fxe5 19. fxe4 O-O-O 20. Rf7 exd4 21. exd4 e5 22. Rd1 exd4 23. cxd4 Bxh2+ 24. Kxh2 dxe4 25. Qxe4 Kb8 26. Qe5+ Ka8 27. d5 cxd5 28. Rxd5 Rxd5 29. Qxd5 g4 30. Qf5 Rd8 31. hxg4 hxg4 32. Qf4 a6 33. Qxg4 Rh8+ 34. Kg3 Qd6+ 35. Rf4 Qd5 36. Rd4 Qe5+ 37. Rf4 Qd5 38. Rd4 Qe5+ 39. Rf4 Qd5 40. Rf5 Qd3+ 1/2-1/2

[Event "XVII Orsha-2019 Open"]
[Site "Orsha"]
[Date "2019.01.19"]
[Round "3.27"]
[White "Dmitriev, Nikolay"]
[Black "Dolgopyatov, Evgeniy"]
[Result "1-0"]
[ECO "D79"]
[WhiteElo "1923"]
[BlackElo "1661"]
[PlyCount "31"]
[EventDate "2019.01.18"]
[EventType "swiss"]
[EventCountry "BLR"]
[TimeControl "5400+30"]

1. Nf3 c5 2. g3 g6 3. Bg2 Bg7 4. O-O d5 5. c3 Nc6 6. d4 cxd4 7. cxd4 Nf6 8. Nc3 O-O 9. Ne5 Ne4 10. Nxc6 bxc6 11. Nxe4 dxe4 12. Bxe4 Bxd4 13. Bh6 Bxb2 14. Bxf8 Bh3 15. Qxd8 Rxd8 16. Bh6 1-0

[Event "XVII Orsha-2019 Open"]
[Site "Orsha"]
[Date "2019.01.19"]
[Round "3.28"]
[White "Katkov, Mikhail"]
[Black "Kuleba, Ivan"]
[Result "1-0"]
[ECO "A36"]
[WhiteElo "1916"]
[BlackElo "1617"]
[PlyCount "69"]
[EventDate "2019.01.18"]
[EventType "swiss"]
[EventCountry "BLR"]
[TimeControl "5400+30"]

1. c4 c5 2. Nc3 Nc6 3. g3 g6 4. Bg2 Bg7 5. e4 e5 6. Nge2 d6 7. h3 Nge7 8. O-O O-O 9. a3 Be6 10. d3 Qd7 11. Kh2 f5 12. f4 Rab8 13. Rb1 a5 14. fxe5 Bxe5 15. Nf4 Kh8 16. Bd2 Nd4 17. Ncd5 Bxd5 18. exd5 a4 19. Ne6 Rfc8 20. Nxd4 Bxd4 21. Re1 Ng8 22. b4 h6 23. Re6 Kh7 24. Bf4 Be5 25. Bxe5 dxe5 26. Rxe5 b6 27. Re6 Re8 28. bxc5 bxc5 29. Rxb8 Rxb8 30. Rc6 Rb3 31. d6 Kh8 32. Qa1+ Qg7 33. Qxg7+ Kxg7 34. d7 Rxd3 35. Bd5 1-0

[Event "XVII Orsha-2019 Open"]
[Site "Orsha"]
[Date "2019.01.19"]
[Round "3.29"]
[White "Viikmaa, Karmen"]
[Black "Abrazevich, Yauheni"]
[Result "0-1"]
[ECO "A08"]
[WhiteElo "1706"]
[BlackElo "1914"]
[PlyCount "84"]
[EventDate "2019.01.18"]
[EventType "swiss"]
[EventCountry "BLR"]
[TimeControl "5400+30"]

1. Nf3 d5 2. g3 c5 3. Bg2 Nc6 4. d3 e5 5. O-O Nf6 6. Nbd2 Be7 7. e4 d4 8. Nc4 Nd7 9. a4 b6 10. c3 a6 11. Qb3 O-O 12. h3 Rb8 13. Na3 Nf6 14. Nh4 dxc3 15. bxc3 Qxd3 16. Be3 Nd4 17. Bxd4 cxd4 18. Rac1 Nxe4 19. Rfd1 Nxg3 20. Rxd3 Ne2+ 21. Kf1 Nxc1 22. Qc2 Nxd3 23. Qxd3 Bxh4 24. cxd4 exd4 25. Qxd4 Bf6 26. Qf4 Be6 27. Nc2 Rbc8 28. Ne3 Rfd8 29. Ng4 Bxg4 30. hxg4 Rd4 31. Be4 Rcc4 32. g5 Bxg5 33. Qxg5 h6 34. Qe3 Rxe4 35. Qxb6 Rxa4 36. Qd8+ Kh7 37. Qd7 Rf4 38. Qd6 Rf5 39. Qd3 Raf4 40. Qxa6 Rxf2+ 41. Ke1 g6 42. Qc4 h5 0-1

[Event "XVII Orsha-2019 Open"]
[Site "Orsha"]
[Date "2019.01.19"]
[Round "3.30"]
[White "Sokolov, Sergey"]
[Black "Ponikarovsky, Alexey"]
[Result "1/2-1/2"]
[ECO "D02"]
[WhiteElo "1756"]
[BlackElo "2007"]
[PlyCount "102"]
[EventDate "2019.01.18"]
[EventType "swiss"]
[EventCountry "BLR"]
[TimeControl "5400+30"]

1. d4 d5 2. Bf4 Nf6 3. Nf3 e6 4. e3 Bd6 5. Bg3 O-O 6. Bd3 b6 7. O-O Bb7 8. Nbd2 c5 9. c3 Bxg3 10. hxg3 Ne4 11. Rc1 Nxd2 12. Qxd2 Nd7 13. Rfe1 Rc8 14. Bb1 Qf6 15. Qc2 g6 16. Qa4 Rc7 17. Qd1 e5 18. dxe5 Nxe5 19. Nxe5 Qxe5 20. Qg4 f5 21. Qf4 Qxf4 22. gxf4 Rd8 23. Rcd1 Rcd7 24. Rd2 Bc6 25. Red1 Kf7 26. Bc2 Kf6 27. b3 h6 28. a3 g5 29. fxg5+ hxg5 30. b4 g4 31. Kf1 Ke5 32. Ke2 Rh8 33. Bb3 Rh2 34. Rg1 Bb5+ 35. Kd1 Bc6 36. g3 Rdh7 37. a4 Rh1 38. Rxh1 Rxh1+ 39. Ke2 Rb1 40. Bc2 Ra1 41. b5 Bb7 42. Rd1 Ra2 43. Kd2 a6 44. bxa6 Bxa6 45. Rb1 Bc8 46. Rxb6 Bd7 47. Ra6 Ra1 48. Ra7 Kd6 49. Ra6+ Ke5 50. Ra7 Kd6 51. Ra6+ Ke5 1/2-1/2

[Event "XVII Orsha-2019 Open"]
[Site "Orsha"]
[Date "2019.01.19"]
[Round "3.31"]
[White "Poghosyan, Sarmen"]
[Black "Naumovich, Yaroslav"]
[Result "0-1"]
[ECO "C66"]
[WhiteElo "1361"]
[BlackElo "1915"]
[PlyCount "70"]
[EventDate "2019.01.18"]
[EventType "swiss"]
[EventCountry "BLR"]
[TimeControl "5400+30"]

1. e4 e5 2. Nf3 Nc6 3. Bb5 d6 4. Bxc6+ bxc6 5. O-O Nf6 6. Re1 Be7 7. c3 c5 8. d4 cxd4 9. cxd4 exd4 10. Nxd4 Bd7 11. Nc3 O-O 12. Bf4 Re8 13. e5 dxe5 14. Bxe5 Bd6 15. Bxd6 cxd6 16. Rxe8+ Qxe8 17. Qf3 Rb8 18. Nb3 Ba4 19. Nxa4 Qxa4 20. Qd3 d5 21. Qg3 Rc8 22. Qd3 Rc4 23. Rd1 h6 24. a3 Qe8 25. Nd2 Rc7 26. Nf3 Qc8 27. Nd4 Rc1 28. h3 Ne4 29. a4 Qc5 30. b3 Rxd1+ 31. Qxd1 Nc3 32. Qd3 Qxd4 33. Qf5 Ne2+ 34. Kh1 Qd1+ 35. Kh2 Qg1# 0-1

[Event "XVII Orsha-2019 Open"]
[Site "Orsha"]
[Date "2019.01.19"]
[Round "3.32"]
[White "Loshakov, Dmitry"]
[Black "Nikolaev, Dmitry"]
[Result "0-1"]
[ECO "A48"]
[WhiteElo "1852"]
[BlackElo "1634"]
[PlyCount "50"]
[EventDate "2019.01.18"]
[EventType "swiss"]
[EventCountry "BLR"]
[TimeControl "5400+30"]

1. d4 Nf6 2. Nf3 g6 3. Bg5 Bg7 4. Nbd2 O-O 5. c3 d6 6. e4 c5 7. Be2 Bg4 8. h3 Bxf3 9. Bxf3 Nc6 10. d5 Ne5 11. Be2 a6 12. Qc2 b5 13. Nf3 Ned7 14. O-O Qc7 15. a4 c4 16. Nd4 h6 17. Be3 Nc5 18. f3 Nxa4 19. Rxa4 bxa4 20. Qxa4 Rfb8 21. Rb1 Nd7 22. Bxc4 Nb6 23. Qa5 Qxc4 24. Nc6 Qd3 25. Re1 Nc4 0-1

[Event "XVII Orsha-2019 Open"]
[Site "Orsha"]
[Date "2019.01.19"]
[Round "3.33"]
[White "Volchkov, Ivan"]
[Black "Platnitski, Siarhei"]
[Result "1-0"]
[ECO "A48"]
[WhiteElo "1685"]
[BlackElo "1383"]
[PlyCount "93"]
[EventDate "2019.01.18"]
[EventType "swiss"]
[EventCountry "BLR"]
[TimeControl "5400+30"]

1. d4 Nf6 2. Nf3 g6 3. Bf4 Bg7 4. e3 O-O 5. Bd3 d6 6. h3 c5 7. c3 b6 8. Nbd2 Bb7 9. O-O Nbd7 10. Re1 Re8 11. Bf1 e5 12. Bg5 h6 13. Bxf6 Nxf6 14. Nc4 b5 15. dxe5 Bxf3 16. Qxf3 dxe5 17. Rad1 Qb8 18. Nd6 Re6 19. Nxb5 e4 20. Qe2 Rb6 21. Rd2 Qe5 22. Na3 Qg5 23. Nc4 Re6 24. Red1 Qh4 25. Rd6 Rxd6 26. Nxd6 Nh5 27. Qc4 Rf8 28. Qxe4 Qxe4 29. Nxe4 Rb8 30. Rd2 Bf8 31. g4 Ng7 32. Nf6+ Kh8 33. Bc4 Ne6 34. Bxe6 fxe6 35. Nd7 Rd8 36. Rd1 Kg7 37. Kf1 Be7 38. Ke2 a5 39. Ne5 Rb8 40. Rd2 Rb6 41. Nc4 Ra6 42. e4 Ra8 43. Rd7 Kf8 44. f4 Bf6 45. e5 Bh4 46. Rh7 Bg3 47. Rh8+ 1-0

[Event "XVII Orsha-2019 Open"]
[Site "Orsha"]
[Date "2019.01.19"]
[Round "3.35"]
[White "Kulikov, Egor"]
[Black "Egorenkov, Igor"]
[Result "0-1"]
[ECO "B22"]
[WhiteElo "1557"]
[BlackElo "2213"]
[PlyCount "74"]
[EventDate "2019.01.18"]
[EventType "swiss"]
[EventCountry "BLR"]
[TimeControl "5400+30"]

1. e4 c5 2. c3 g6 3. d4 cxd4 4. cxd4 d5 5. e5 Nh6 6. Nf3 Nc6 7. a3 Bg4 8. Be3 Nf5 9. Bb5 Nxe3 10. fxe3 Bh6 11. Qb3 O-O 12. Bxc6 bxc6 13. Nbd2 Qa5 14. Ke2 Rab8 15. Qc3 Qb5+ 16. Kf2 Qxb2 17. Qxb2 Rxb2 18. Rhb1 Rfb8 19. Rxb2 Rxb2 20. Ke2 Bc8 21. Kd3 Bf5+ 22. Ke2 e6 23. Ne1 Bf8 24. Nd3 Rc2 25. a4 Rc3 26. Nf2 Bh6 27. Nd1 Bg4+ 28. Nf3 Rc2+ 29. Kf1 c5 30. dxc5 Rxc5 31. Kf2 a5 32. Kg3 Bf5 33. Nd4 Rc4 34. Nxf5 gxf5 35. Kf3 f4 36. Nb2 Rc3 37. Nd1 Rb3 0-1

[Event "XVII Orsha-2019 Open"]
[Site "Orsha"]
[Date "2019.01.19"]
[Round "3.36"]
[White "Bialiauski, Artsiom"]
[Black "Masterova, Daria"]
[Result "1-0"]
[ECO "D03"]
[WhiteElo "1914"]
[BlackElo "1500"]
[PlyCount "89"]
[EventDate "2019.01.18"]
[EventType "swiss"]
[EventCountry "BLR"]
[TimeControl "5400+30"]

1. d4 d5 2. Nf3 c6 3. Bg5 Nf6 4. Bxf6 exf6 5. e3 Bd6 6. Bd3 O-O 7. Nbd2 f5 8. c4 Bb4 9. cxd5 Qxd5 10. O-O Be6 11. a3 Be7 12. Qc2 Nd7 13. Nb1 g6 14. Nc3 Qd6 15. b4 b5 16. Rfd1 a6 17. Rac1 Rfc8 18. Nd2 Nf6 19. Nb3 Bxb3 20. Qxb3 Qe6 21. Qb2 a5 22. Be2 axb4 23. axb4 Ne4 24. d5 cxd5 25. Nxb5 Bf6 26. Nd4 Qb6 27. b5 Nc5 28. Bf3 Ne4 29. Be2 Rab8 30. Qb4 Bxd4 31. exd4 Nd6 32. Rc5 Ne4 33. Rcc1 Nd6 34. f3 Nc4 35. Bxc4 dxc4 36. Rxc4 Rxc4 37. Qxc4 Qxb5 38. Qc7 Qb6 39. Qc5 Qb3 40. Re1 Qb4 41. Re8+ Kg7 42. Qe5+ Kh6 43. Rxb8 Qd2 44. Rb1 Qc2 45. Re1 1-0

[Event "XVII Orsha-2019 Open"]
[Site "Orsha"]
[Date "2019.01.19"]
[Round "3.37"]
[White "Petrosyan, Sahak"]
[Black "Shaban, Aliaksandra"]
[Result "1-0"]
[ECO "B04"]
[WhiteElo "1835"]
[BlackElo "1482"]
[PlyCount "147"]
[EventDate "2019.01.18"]
[EventType "swiss"]
[EventCountry "BLR"]
[TimeControl "5400+30"]

1. e4 Nf6 2. e5 Nd5 3. d4 d6 4. c4 Nb6 5. exd6 cxd6 6. Nf3 g6 7. Be3 Bg7 8. Qd2 O-O 9. Bh6 Bf5 10. h4 Nc6 11. h5 Nd7 12. Bxg7 Kxg7 13. hxg6 Bxg6 14. Bd3 Rh8 15. Qh6+ Kg8 16. Bxg6 fxg6 17. Nc3 Qf8 18. Qe3 e5 19. O-O-O Re8 20. d5 Ne7 21. Ne4 Nc8 22. Rh4 Nf6 23. Rdh1 Nxe4 24. Qxe4 Qf5 25. Qxf5 gxf5 26. Ng5 Re7 27. Ne6 Rf7 28. Rh6 Nb6 29. R1h5 Re7 30. Rf6 h6 31. Rhxf5 Nd7 32. Rg6+ Kh7 33. Rg4 Rg8 34. Rxg8 Kxg8 35. f3 a6 36. b3 b5 37. Kd2 bxc4 38. bxc4 Re8 39. Rh5 Kh7 40. Rh4 Rg8 41. g4 Kg6 42. Rh2 Rc8 43. Kd3 e4+ 44. Kd4 exf3 45. Rb2 Ne5 46. c5 Nxg4 47. cxd6 f2 48. Rb1 Rb8 49. Rf1 Kf7 50. d7 Ke7 51. d8=Q+ Rxd8 52. Nxd8 Kxd8 53. Ke4 Kd7 54. Kf4 h5 55. Kg5 Kd6 56. Kxh5 Nf6+ 57. Kg5 Nxd5 58. Rxf2 Kc5 59. Kf5 a5 60. Ke4 Kc4 61. Rc2+ Nc3+ 62. Ke3 Kb4 63. Kd3 Na4 64. Kd2 Nc5 65. a3+ Kb5 66. Kc3 Na6 67. Rh2 Ka4 68. Kb2 Nc5 69. Rh4+ Kb5 70. Rh5 Kc4 71. Kc2 a4 72. Rh4+ Kb5 73. Kc3 Kc6 74. Kb4 1-0

[Event "XVII Orsha-2019 Open"]
[Site "Orsha"]
[Date "2019.01.19"]
[Round "3.38"]
[White "Borodulin, Pavel"]
[Black "Klachkou, Platon"]
[Result "0-1"]
[ECO "E83"]
[WhiteElo "1481"]
[BlackElo "1771"]
[PlyCount "68"]
[EventDate "2019.01.18"]
[EventType "swiss"]
[EventCountry "BLR"]
[TimeControl "5400+30"]

1. d4 Nf6 2. c4 g6 3. Nc3 Bg7 4. e4 d6 5. f3 O-O 6. Be3 Nc6 7. Nge2 a6 8. Ng3 Rb8 9. Be2 Re8 10. O-O e5 11. d5 Nd4 12. f4 Nxe2+ 13. Qxe2 exf4 14. Bxf4 Ng4 15. Qd2 Qh4 16. h3 Ne5 17. b3 h6 18. Rac1 g5 19. Bxe5 Bxe5 20. Qf2 f6 21. Nf5 Qxf2+ 22. Rxf2 Bxf5 23. Rxf5 Kg7 24. Ne2 Kg6 25. g4 h5 26. Kg2 hxg4 27. hxg4 Rh8 28. Rff1 Rh2+ 29. Kf3 Rbh8 30. Ng1 Rxa2 31. Rf2 Ra3 32. Rb1 a5 33. Ke2 Rh4 34. Rg2 Ra2+ 0-1

[Event "XVII Orsha-2019 Open"]
[Site "Orsha"]
[Date "2019.01.19"]
[Round "3.39"]
[White "Vlasov, Andrey"]
[Black "Davidov, Alexey"]
[Result "0-1"]
[ECO "B08"]
[WhiteElo "2316"]
[BlackElo "1688"]
[PlyCount "128"]
[EventDate "2019.01.18"]
[EventType "swiss"]
[EventCountry "BLR"]
[TimeControl "5400+30"]

1. e4 d6 2. d4 Nf6 3. Nc3 g6 4. Bf4 Bg7 5. Nf3 O-O 6. Qd2 a6 7. O-O-O b5 8. h4 b4 9. Nd5 Nxe4 10. Qe3 Nf6 11. Nxf6+ exf6 12. Bh6 Re8 13. Qf4 Bb7 14. Bd3 Nd7 15. Bxg7 Kxg7 16. h5 g5 17. h6+ Kh8 18. Qf5 Nf8 19. Rde1 Rxe1+ 20. Rxe1 Bc8 21. Qe4 Bd7 22. Qe7 Kg8 23. Qe4 Ng6 24. g3 c6 25. Qe3 Qf8 26. Qd2 a5 27. Rh1 Be6 28. b3 Bd5 29. Qd1 g4 30. Be2 gxf3 31. Bxf3 Bxf3 32. Qxf3 Qe7 33. Qxc6 Re8 34. Qf3 Qe4 35. Qd1 Qe2 36. Rh5 Qxd1+ 37. Kxd1 Re4 38. Rd5 Kf8 39. Rxd6 Ke7 40. Rd5 Ke6 41. Rxa5 Rxd4+ 42. Ke2 Ne7 43. Ke3 Rd6 44. Rb5 Nd5+ 45. Kf3 Ke5 46. Ke2 Kd4 47. Kd2 Ra6 48. Rb7 f5 49. Rxf7 Rxh6 50. Rd7 Rh2 51. Ke2 Ke5 52. Kf3 Ke6 53. Rb7 h5 54. Rh7 Rh1 55. Rh6+ Ke5 56. Kg2 Rc1 57. Rxh5 Rxc2 58. Kf3 Nf6 59. Rg5 Rxa2 60. Rg7 Rb2 61. Re7+ Kd6 62. Re3 Nd5 63. Rd3 Ke5 64. g4 fxg4+ 0-1

[Event "XVII Orsha-2019 Open"]
[Site "Orsha"]
[Date "2019.01.19"]
[Round "3.40"]
[White "Gusenkova, Karina"]
[Black "Karas, Andrei"]
[Result "0-1"]
[ECO "A36"]
[WhiteElo "1642"]
[BlackElo "1422"]
[PlyCount "118"]
[EventDate "2019.01.18"]
[EventType "swiss"]
[EventCountry "BLR"]
[TimeControl "5400+30"]

1. c4 c5 2. Nc3 g6 3. g3 Bg7 4. Bg2 Nc6 5. e3 e5 6. Nge2 Nge7 7. d3 O-O 8. O-O d6 9. a3 Rb8 10. Rb1 Be6 11. Nd5 b5 12. Bd2 bxc4 13. dxc4 Bf5 14. e4 Bg4 15. h3 Bd7 16. b4 Nxd5 17. exd5 Nd4 18. Nxd4 cxd4 19. Rc1 Re8 20. c5 Bb5 21. Re1 Rc8 22. c6 Qb6 23. Qb3 Qa6 24. h4 f5 25. Bf1 Bxf1 26. Rxf1 Qe2 27. Rcd1 Qg4 28. Kh2 f4 29. gxf4 Qxh4+ 30. Qh3 Qe7 31. Rde1 e4 32. Rh1 Qf7 33. Rxe4 Qxd5 34. Rxe8+ Rxe8 35. c7 Qf5 36. Qxf5 gxf5 37. Rc1 Rc8 38. b5 Kf7 39. a4 d3 40. a5 Bd4 41. Kg2 Ke6 42. Kf3 Kd7 43. Rh1 Kxc7 44. Rxh7+ Kb8 45. Be3 Bxe3 46. fxe3 Rc5 47. b6 axb6 48. axb6 Rb5 49. Rf7 Rd5 50. e4 d2 51. exd5 d1=Q+ 52. Ke3 Qxd5 53. Re7 Qc5+ 54. Kd3 Qxb6 55. Re8+ Kc7 56. Re7+ Kc6 57. Re2 Kd5 58. Rc2 Qd4+ 59. Ke2 Qxf4 0-1

[Event "XVII Orsha-2019 Open"]
[Site "Orsha"]
[Date "2019.01.20"]
[Round "4"]
[White "Aliakbarov, Anar"]
[Black "Pogosian, Georgy"]
[Result "1-0"]
[ECO "D97"]
[WhiteElo "2282"]
[BlackElo "2090"]
[Annotator "NA RC"]
[PlyCount "57"]
[EventDate "2019.01.18"]
[EventType "swiss"]
[EventCountry "BLR"]
[SourceTitle "playchess.com"]
[Source "ChessBase"]
[SourceQuality "1"]
[TimeControl "5400+30"]

1. d4 Nf6 2. c4 g6 3. Nc3 d5 4. Nf3 Bg7 5. Qb3 dxc4 6. Qxc4 O-O 7. e4 c6 8. Qb3 b5 {[%emt 0:14:36] LiveBook: 4 Games D97: Grünfeld: Russian System: 7 e4, replies other than 7...Bg4} (8... e5 9. dxe5 Ng4 10. Be2 Nxe5 11. Nxe5 Bxe5 12. O-O Qe7 13. Be3 Be6 14. Qc2 Nd7 15. Rad1 Nf6 16. h3 Rfd8 17. Rxd8+ Rxd8 18. Bxa7 {½-½ (28) Radjabov,T (2735)-Mamedyarov,S (2760) Wijk aan Zee 2008}) 9. e5 Be6 10. exf6 Bxb3 11. fxg7 Kxg7 12. axb3 Qd7 $146 13. Be3 Qe6 14. Be2 (14. d5 $5 cxd5 15. Bxb5 $14) 14... Qxb3 15. Rb1 Nd7 16. h4 $15 f6 17. O-O f5 18. Bf4 h6 19. Rfe1 Rfe8 20. d5 cxd5 21. Nd4 Qb4 22. Ne6+ Kf7 23. Nxd5 Qb3 24. Ndc7 Rec8 25. Nxa8 Rxa8 26. Bf3 Rc8 27. Bxh6 Nc5 28. Rbc1 Qb4 29. Bd5 1-0

[Event "XVII Orsha-2019 Open"]
[Site "Orsha"]
[Date "2019.01.20"]
[Round "4.11"]
[White "Kirilin, Dmitrij"]
[Black "Paniagua Chnelik, Sebastian"]
[Result "1-0"]
[ECO "D45"]
[WhiteElo "2074"]
[BlackElo "2188"]
[PlyCount "85"]
[EventDate "2019.01.18"]
[EventType "swiss"]
[EventCountry "BLR"]
[TimeControl "5400+30"]

1. d4 d5 2. c4 e6 3. Nf3 Nf6 4. Nc3 c6 5. e3 Bd6 6. Qc2 Nbd7 7. g4 Nxg4 8. Rg1 Nxh2 9. Nxh2 Bxh2 10. Rxg7 h5 11. e4 Qf6 12. Rg2 Bf4 13. cxd5 Bxc1 14. Rxc1 exd5 15. exd5 Qxd4 16. Rg3 Ne5 17. Re3 Kf8 18. dxc6 bxc6 19. Rd1 Qf4 20. Ne4 Kg7 21. Be2 Bg4 22. Ng3 h4 23. Re4 Qg5 24. Rxg4 Nxg4 25. Qf5 Qxf5 26. Nxf5+ Kg6 27. Bxg4 h3 28. Ng3 h2 29. Bf3 Rae8+ 30. Kf1 Rb8 31. b3 Rhd8 32. Rc1 Rb6 33. Kg2 Ra6 34. Rc2 Rh8 35. Be2 Ra5 36. Rxc6+ Kg5 37. a4 f5 38. Bb5 a6 39. b4 axb5 40. bxa5 bxa4 41. Rc4 f4 42. Kh1 a3 43. Ra4 1-0

[Event "XVII Orsha-2019 Open"]
[Site "Orsha"]
[Date "2019.01.20"]
[Round "4.12"]
[White "Siniauski, Artsiom"]
[Black "Katkov, Mikhail"]
[Result "1-0"]
[ECO "B12"]
[WhiteElo "2182"]
[BlackElo "1916"]
[PlyCount "71"]
[EventDate "2019.01.18"]
[EventType "swiss"]
[EventCountry "BLR"]
[TimeControl "5400+30"]

1. e4 c6 2. d4 d5 3. e5 Bf5 4. h4 h6 5. g4 Be4 6. f3 Bh7 7. e6 fxe6 8. Bd3 Bxd3 9. Qxd3 Na6 10. Qg6+ Kd7 11. f4 Qe8 12. Qd3 g6 13. Nf3 Bg7 14. Ne5+ Bxe5 15. fxe5 Nf6 16. exf6 exf6 17. Rh2 e5 18. Re2 e4 19. Qb3 b5 20. Bf4 Qe6 21. Qa3 Nc7 22. Nd2 a5 23. Nb3 Na6 24. Nxa5 g5 25. Bh2 h5 26. gxh5 Rxh5 27. hxg5 Rah8 28. O-O-O Rxh2 29. Rxh2 Rxh2 30. Nb3 c5 31. Qxa6 Qxa6 32. Nxc5+ Kd6 33. Nxa6 f5 34. Rg1 e3 35. g6 e2 36. Kd2 1-0

[Event "XVII Orsha-2019 Open"]
[Site "Orsha"]
[Date "2019.01.20"]
[Round "4.13"]
[White "Khobotova, Olesia"]
[Black "Galkin, Gleb"]
[Result "1/2-1/2"]
[ECO "C69"]
[WhiteElo "1978"]
[BlackElo "2156"]
[PlyCount "103"]
[EventDate "2019.01.18"]
[EventType "swiss"]
[EventCountry "BLR"]
[TimeControl "5400+30"]

1. e4 e5 2. Nf3 Nc6 3. Bb5 a6 4. Bxc6 dxc6 5. O-O f6 6. d4 exd4 7. Nxd4 c5 8. Ne2 Qxd1 9. Rxd1 Bd7 10. Bf4 O-O-O 11. Nbc3 Bc6 12. Rxd8+ Kxd8 13. Rd1+ Kc8 14. f3 Ne7 15. Be3 Ng6 16. Nf4 Nxf4 17. Bxf4 Be7 18. Nd5 Bd8 19. Kf2 Bd7 20. h3 Be6 21. b3 c6 22. Ne3 Bc7 23. Bd6 Bxd6 24. Rxd6 Bd7 25. f4 Kc7 26. Rd2 b5 27. g4 a5 28. h4 Ra8 29. g5 Be6 30. f5 Bg8 31. gxf6 gxf6 32. Ng4 Rf8 33. Nh6 c4 34. Nxg8 cxb3 35. Nxf6 bxa2 36. Rd1 Rxf6 37. Ra1 Kd6 38. Rxa2 Ke5 39. Kf3 a4 40. Ra3 Rd6 41. Rc3 Kd4 42. Re3 Ke5 43. Rc3 Rh6 44. h5 Rxh5 45. Rxc6 Rh3+ 46. Kg4 Rh1 47. Rc5+ Kxe4 48. Rxb5 a3 49. Rb4+ Ke5 50. Rb5+ Ke4 51. Rb4+ Ke5 52. Rb5+ 1/2-1/2